 Dungeon Crawl Stone Soup version 0.25.1-2-g60ff931df9 (webtiles) character file.

Game seed: 17104926450906007767

133 tempo the Magician (level 4, 0/25 HPs)
             Began as a Deep Elf Wizard on Sept 27, 2020.
             Slain by a goblin
             ... wielding a +0 dagger
             ... led by Robin
              (3 damage)
             ... on level 2 of the Dungeon.
             The game lasted 00:03:41 (2110 turns).

tempo the Magician (Deep Elf Wizard)                Turns: 2110, Time: 00:03:42

Health: 0/25       AC:  3    Str:  4    XL:     4   Next: 94%
Magic:  3/22       EV: 13    Int: 24    God:
Gold:   108        SH:  0    Dex: 13    Spells: 3/14 levels left

rFire    . . .     SeeInvis .   b - +2 club
rCold    . . .     Gourm    .   (no shield)
rNeg     . . .     Faith    .   a - +0 robe
rPois    .         Spirit   .   f - +0 helmet
rElec    .         Reflect  .   (no cloak)
rCorr    .         Harm     .   (no gloves)
MR       .....                  (no boots)
Stlth    +.........             (no amulet)
HPRegen  0.08/turn              h - ring of magical power
MPRegen  0.18/turn              (no ring)

@: confused
A: no striking features
a: no special abilities


You were on level 2 of the Dungeon.
You were hungry.

You visited 1 branch of the dungeon, and saw 2 of its levels.

You collected 108 gold pieces.

Inventory:

Hand Weapons
 b - a +2 club (weapon)
Missiles
 k - 19 bolts
Armour
 a - a +0 robe (worn)
 f - a +0 helmet (worn)
Jewellery
 h - a ring of magical power (left hand)
Scrolls
 c - a scroll of teleportation {unknown}
 e - 2 scrolls of remove curse {unknown}
 g - a scroll of fear {unknown}
 j - 2 scrolls of noise {unknown}
 l - 3 scrolls of identify {unknown}
Potions
 i - 2 potions of stabbing {unknown}
 m - a potion of berserk rage {unknown}
 n - a potion of heal wounds {unknown}
 p - a potion of curing {unknown}
Comestibles
 d - 5 rations
 o - 2 chunks of flesh


   Skills:
 - Level 1.0 Fighting
 - Level 1.0 Armour
 - Level 2.4 Dodging
 - Level 2.4 Stealth
 * Level 5.8 Spellcasting
 * Level 2.8 Conjurations
 - Level 1.1 Summonings
 - Level 1.1 Translocations
 + Level 0.9 Fire Magic
 + Level 0.8 Air Magic


You had 3 spell levels left.
You knew the following spells:

 Your Spells              Type           Power        Failure   Level  Hunger
a - Magic Dart            Conj           ###.         2%          1    None
b - Mephitic Cloud        Conj/Pois/Air  ##......     14%         3    #......
c - Call Imp              Summ           ##......     8%          2    None
d - Blink                 Tloc           N/A          8%          2    None
e - Conjure Flame         Conj/Fire      ###.....     11%         3    #......

Your spell library contained the following spells:

 Spells                   Type           Power        Failure   Level  Hunger
 Slow                     Hex            #.......     12%         2    None


Dungeon Overview and Level Annotations

Branches:
Dungeon (2/15)

Altars:
Gozag

Annotations:
D:2 Robin


Message History

Aiming: Magic Dart (safe; 2% risk of failure)
Press: ? - help, Shift-Dir - straight line, f/p - goblin
Aim: a goblin, wielding a +0 dagger (severely wounded)
The magic dart hits the goblin.
You kill the goblin!
Casting: Magic Dart (safe; 2% risk of failure)
Confirm with . or Enter, or press ? or * to list all spells.
The spell is quite dangerous to cast (14% risk of failure)!
Continue anyway?
Aiming: Mephitic Cloud (quite dangerous; 14% risk of failure)
Press: ? - help, Shift-Dir - straight line, f - goblin
Aim: a goblin, wielding a +0 dagger That beam is likely to hit you.
Continue anyway?
The ball explodes into a vile cloud!
The stinking cloud engulfs the goblin but does no damage.
The stinking cloud engulfs you but does no damage.
You are engulfed in noxious fumes.
You choke on the stench!
You are confused.
The goblin is engulfed in noxious fumes.
The goblin appears confused.
The goblin hits you with a +0 dagger.
You die...

###### #<.... #######
#.#### #.Sg@.# #.####
#g###.##########.#...
#.# #.##...........##
#g# #............###
#S# ####.#########
#.# #.# #g# #.# #.#
#.#
#.######.############


You could see an adder, a hobgoblin and a goblin (confused).

Vanquished Creatures
  Jessica (D:2)
  3 gnolls (D:2)
  2 adders (D:2)
  A dart slug (D:1)
  3 bats
  5 giant cockroaches
  19 goblins
  4 hobgoblins
  7 jackals
  2 frilled lizards
  9 kobolds
  5 rats
61 creatures vanquished.

Notes
Turn   | Place    | Note
-------+----------+-------------------------------------------
     0 | D:1      | tempo the Deep Elf Wizard began the quest for the Orb.
     0 | D:1      | Reached XP level 1. HP: 10/10 MP: 7/7
   503 | D:1      | Reached XP level 2. HP: 15/15 MP: 9/9
   681 | D:1      | Reached skill level 5 in Spellcasting
   865 | D:1      | Reached XP level 3. HP: 20/20 MP: 10/11
   870 | D:1      | Learned a level 3 spell: Mephitic Cloud
   873 | D:1      | Learned a level 2 spell: Call Imp
   876 | D:1      | Learned a level 2 spell: Blink
   880 | D:1      | Learned a level 3 spell: Conjure Flame
  1188 | D:2      | Found an opulent altar of Gozag.
  1391 | D:2      | Reached skill level 1 in Fighting
  1391 | D:2      | Reached skill level 1 in Armour
  1490 | D:2      | Noticed Jessica
  1492 | D:2      | Killed Jessica
  1492 | D:2      | Reached XP level 4. HP: 25/25 MP: 13/13
  2072 | D:2      | Noticed Robin
  2110 | D:2      | Slain by a goblin

Illustrated notes

Levels and vault maps discovered:
D:1:      evilmike_arrival_rings, layout_basic
D:2:      layout_loops_ring, nicolae_gozag_seed_capital, first_ration,
          uniq_robin, uniq_jessica

Skill      XL: |  1  2  3 |
---------------+----------+-----
Spellcasting   | 5 |  5.8
Conjurations   | 2 |  2.8
Fighting       | 1 |  1.0
Armour         | 1 |  1.0
Dodging        | |  2.4
Stealth        | |  2.4
Summonings     | |  1.1
Translocations | |  1.1
Fire Magic     | |  0.9
Air Magic      | |  0.8

Action                   |  1- 3 |  4- 6 || total
-------------------------+-------+-------++-------
Melee: Unarmed           |     3 |       ||     3
       Club              |       |     9 ||     9
 Cast: Magic Dart        |    91 |    40 ||   131
       Mephitic Cloud    |       |     3 ||     3
  Eat: Chunk             |     2 |     1 ||     3
Armor: Robe              |     3 |     3 ||     6
Dodge: Dodged            |    22 |    18 ||    40
